 Dungeon Crawl Stone Soup version 0.20.1-1-g8b1a95d66d (webtiles) character file.

9612 Peloso the Blocker (level 11, -1/72 HPs)
             Began as a Halfling Fighter on Dec 1, 2017.
             Was a High Priest of Okawaru.
             Slain by a troll (13 damage)
             ... on level 11 of the Dungeon.
             The game lasted 00:33:19 (12178 turns).

Peloso the Blocker (Halfling Fighter)              Turns: 12178, Time: 00:33:19

Health: -1/72      AC: 20    Str: 24    XL:     11   Next: 77%
Magic:  9/11       EV: 14    Int:  6    God:    Okawaru [*****.]
Gold:   717        SH: 20    Dex: 15    Spells: 10/10 levels left

rFire    . . .     SeeInvis .   a - +3 falchion
rCold    + . .     Gourm    .   c - +0 shield
rNeg     . . .     Faith    .   b - +1 plate armour {rC+}
rPois    .         Spirit   .   (no helmet)
rElec    .         Reflect  +   m - +0 cloak
rCorr    .         Harm     .   h - +0 pair of gloves
MR       .....                  (no boots)
Stlth    ..........             n - +5 amulet of reflection
Regen    0.3/turn               g - +4 ring of strength
MPRegen  0.2/turn               j - +1 ring of protection

@: heroism, drained
A: mutation resistance 1
a: Heroism, Finesse, Renounce Religion


You were on level 11 of the Dungeon.
You worshipped Okawaru.
Okawaru was extremely pleased with you.
You were near starving.

You visited 2 branches of the dungeon, and saw 12 of its levels.

You collected 717 gold pieces.

Inventory:

Hand Weapons
 a - a +3 falchion (weapon)
 F - a +2 short sword of flaming
Armour
 b - a +1 plate armour of cold resistance (worn)
 c - a +0 shield (worn)
 h - a +0 pair of gloves (worn)
 m - a +0 cloak (worn)
Jewellery
 g - a +4 ring of strength (left hand)
 i - an uncursed ring of resist corrosion
 j - a +1 ring of protection (right hand)
 n - a +5 amulet of reflection (around neck)
 r - an uncursed amulet of the gourmand
 s - an uncursed ring of protection from cold
 v - an uncursed amulet of regeneration
Wands
 y - a wand of paralysis (6/24)
 C - a wand of confusion (44/48)
 E - a wand of scattershot (8/9)
 J - a wand of flame (27/48)
Scrolls
 d - a scroll of fear
 p - 6 scrolls of teleportation
 q - 2 scrolls of enchant weapon
 w - a scroll of identify
 z - 2 scrolls of blinking
 B - 2 scrolls of magic mapping
 D - 2 scrolls of remove curse
Potions
 e - a potion of curing
 t - 2 potions of magic
 u - a potion of invisibility
 x - a potion of brilliance
 A - a potion of haste
 I - a potion of resistance
Books
 k - a book of Maledictions

   Spells                             Type                      Level
   a - Corona                         Hexes                        1
   b - Ensorcelled Hibernation        Hexes/Ice                    2
   c - Confuse                        Hexes                        3
   d - Tukima's Dance                 Hexes                        3
   e - Dazzling Spray                 Conjuration/Hexes            3
Comestibles
 f - 6 bread rations
 l - 14 royal jellies
 o - 9 meat rations


   Skills:
 + Level 6.2(10.8) Fighting
 + Level 10.7(15.2) Long Blades
 + Level 7.6(12.2) Armour
 + Level 3.4(8.0) Dodging
 + Level 11.9(16.4) Shields
 + Level 0.2(0.0) Invocations


You had 10 spell levels left.
You didn't know any spells.

Dungeon Overview and Level Annotations

Branches:
Dungeon (11/15)            Temple (1/1) D:4
   Lair: D:8-11         Orc: D:9-12

Altars:
Ashenzari
Cheibriados
Elyvilon
Fedhas
Gozag
Hepliaklqana
Kikubaaqudgha
Makhleb
Nemelex Xobeh
Okawaru
Qazlal
Ru
Sif Muna
Trog
Uskayaw
Vehumet
Xom
Yredelemnul
Zin
The Shining One

Shops:
D:6 *

Annotations:
D:5 2 transporters


Innate Abilities, Weirdness & Mutations

You are small and have problems with some larger weapons.
You are somewhat resistant to further mutation.


Message History

You block the troll's attack. The troll claws you.
* * * LOW HITPOINT WARNING * * *
You closely miss the troll.
The troll is moderately wounded.
You hit the troll.
The troll is moderately wounded.
The troll bites you!
* * * LOW HITPOINT WARNING * * *
You block the troll's attack. The troll closely misses you.
You slash the troll!
The troll is severely wounded.
You block the troll's attack. The troll barely misses you.
The troll claws you but does no damage.
You feel better. The troll bites you!
* * * LOW HITPOINT WARNING * * *
You block the troll's attack. x2
You feel better. You block the troll's attack. x3
You gain the combat prowess of a mighty hero.
The troll bites you!
You die...

..... ......
...... ......
......######+###
...............#
..........<....#
........#####@.#
........#####T.#
...............#
...............#
...............#
.≈..≈;.........#
≈≈..≈....##+####
≈≈≈≈≈......
≈≈≈≈≈≈≈......


You could see a troll.

Vanquished Creatures
  Josephine (D:10)
  The ghost of Zepp the Cleaver, a journeyman HuFi of Okawaru (D:8)
  A two-headed ogre (D:10)
  Joseph (D:8)
  A hippogriff (D:7)
  3 wraiths
  Grum (D:10)
  Duvessa (D:6)
  A water moccasin (D:7)
  4 ice beasts
  6 ogres
  A necrophage (D:10)
  4 orc warriors
  2 sky beasts
  A phantom (D:8)
  The ghost of tensugalgo the Skirmisher, an amateur DsGl (D:4)
  5 wolves
  3 centaurs
  A big kobold (D:9)
  A gnoll sergeant (D:3)
  Blork the orc (D:6)
  7 bullfrogs
  Dowan (D:6)
  3 scorpions
  7 killer bees
  3 wights (D:8)
  7 howler monkeys
  3 crimson imps
  A centaur zombie (D:6)
  A bullfrog zombie (D:6)
  2 hounds
  4 jellies (D:9)
  9 orc wizards
  A centaur skeleton (D:5)
  9 orc priests
  4 bullfrog skeletons
  A gnoll shaman (D:3)
  3 iguanas
  8 worker ants
  A hound skeleton (D:4)
  A howler monkey zombie (D:7)
  2 worker ant zombies
  42 gnolls
  12 adders
  A shadow imp (D:6)
  6 oozes
  An adder zombie (D:5)
  2 adder skeletons (D:5)
  4 worms
  A dart slug (D:2)
  4 leopard geckos
  29 orcs
  5 giant cockroaches
  6 goblins
  13 hobgoblins
  22 jackals
  8 quokkas
  2 ball pythons
  9 bats
  4 frilled lizards
  6 kobolds
  A quokka skeleton (D:8)
  A quokka zombie (D:9)
  7 rats
305 creatures vanquished.

Vanquished Creatures (others)
  An unseen horror (D:10)
  2 centaurs
  A kobold (D:9)
4 creatures vanquished.

Grand Total: 309 creatures vanquished

Notes
Turn   | Place    | Note
-------+----------+-------------------------------------------
     0 | D:1      | Peloso the Halfling Fighter began the quest for the Orb.
     0 | D:1      | Reached XP level 1. HP: 15/15 MP: 1/1
   391 | D:1      | Reached XP level 2. HP: 20/20 MP: 2/2
   779 | D:1      | Reached XP level 3. HP: 20/25 MP: 3/3
  1095 | D:2      | Reached XP level 4. HP: 24/30 MP: 4/4
  1156 | D:2      | Reached skill level 4 in Shields
  1558 | D:3      | Reached XP level 5. HP: 11/36 MP: 5/5
  1971 | D:4      | Reached skill level 1 in Dodging
  1971 | D:4      | Reached XP level 6. HP: 35/42 MP: 6/6
  2001 | D:4      | Noticed an ogre
  2012 | D:4      | Killed an ogre
  2012 | D:4      | Reached skill level 5 in Shields
  2117 | D:4      | Noticed tensugalgo's ghost (amateur DsGl)
  2136 | D:5      | Entered Level 5 of the Dungeon
  2155 | D:5      | Reached XP level 7. HP: 42/46 MP: 7/7
  2396 | D:5      | Found a transporter.
  2420 | D:5      | Found a transporter.
  2716 | D:5      | Reached skill level 5 in Armour
  2906 | D:5      | Reached skill level 5 in Long Blades
  2987 | D:5      | Reached XP level 8. HP: 52/52 MP: 8/8
  3350 | D:3      | Reached skill level 6 in Shields
  4447 | D:3      | Reached skill level 7 in Shields
  4810 | D:4      | Found a staircase to the Ecumenical Temple.
  4818 | Temple   | Entered the Ecumenical Temple
  4861 | Temple   | Became a worshipper of Warmaster Okawaru
  5107 | D:4      | Reached XP level 9. HP: 19/58 MP: 9/9
  5496 | D:4      | Killed tensugalgo's ghost
  5653 | D:6      | Noticed Duvessa
  5653 | D:6      | Noticed Dowan
  5688 | D:6      | Killed Duvessa
  5688 | D:6      | Reached * piety under Okawaru
  5688 | D:6      | Reached skill level 8 in Shields
  5696 | D:6      | Killed Dowan
  6032 | D:6      | Found Olala's Assorted Antiques.
  6064 | D:6      | Noticed Blork the orc
  6076 | D:6      | Killed Blork the orc
  6767 | D:7      | Reached XP level 10. HP: 28/65 MP: 10/10
  6769 | D:7      | Reached skill level 5 in Fighting
  6997 | D:7      | Reached ** piety under Okawaru
  6997 | D:7      | Reached skill level 9 in Shields
  7085 | D:7      | Found a snail-covered altar of Cheibriados.
  7632 | D:8      | Noticed Joseph
  7693 | D:8      | Killed Joseph
  7693 | D:8      | Reached skill level 10 in Shields
  7818 | D:8      | Reached *** piety under Okawaru
  8439 | D:8      | Found an opulent altar of Gozag.
  8556 | D:8      | Noticed Zepp's ghost (journeyman HuFi)
  8676 | D:8      | Killed Zepp's ghost
  9051 | D:8      | Found a sparkling altar of Nemelex Xobeh.
  9146 | D:9      | Found a shimmering altar of Xom.
  9147 | D:9      | Found a glowing silver altar of Zin.
  9147 | D:9      | Found a bloodstained altar of Trog.
  9176 | D:9      | Found a shattered altar of Ashenzari.
  9346 | D:9      | Reached XP level 11. HP: 57/72 MP: 11/11
  9744 | D:9      | Reached skill level 10 in Long Blades
  9889 | D:10     | Entered Level 10 of the Dungeon
  9889 | D:10     | Noticed a two-headed ogre
  9901 | D:10     | Killed a two-headed ogre
 10315 | D:9      | Reached skill level 11 in Shields
 10801 | D:10     | Reached **** piety under Okawaru
 10957 | D:10     | Noticed Grum
 10988 | D:10     | Killed Grum
 11243 | D:11     | Noticed Josephine
 11258 | D:10     | Killed an unseen horror
 11270 | D:10     | Killed Josephine
 12153 | D:11     | Reached ***** piety under Okawaru
 12174 | D:11     | HP: 3/72 [troll (12)]
 12178 | D:11     | Slain by a troll

Skill      XL: |  1  2  3  4  5  6  7  8  9 10 11 |
---------------+----------------------------------+-----
Shields        | 4 5 7 8 10 11 | 11.9
Long Blades    | 3 4 5 6 8 9 10 | 10.7
Armour         | 4 5 6 7 |  7.6
Fighting       | 3 4 5 6 |  6.2
Dodging        | 1 2 3 |  3.4
Invocations    | |  0.2

Action                   |  1- 3 |  4- 6 |  7- 9 | 10-12 || total
-------------------------+-------+-------+-------+-------++-------
Melee: Long sword        |   106 |   136 |   789 |   443 ||  1474
       Falchion          |       |       |       |   234 ||   234
Invok: Heroism           |       |       |       |     6 ||     6
  Use: Scroll            |       |     3 |     3 |    16 ||    22
       Potion            |       |     1 |       |     3 ||     4
  Eat: Chunk             |       |     4 |    27 |    23 ||    54
       Fruit             |       |       |       |     2 ||     2
Armor: Scale mail        |    56 |    36 |    18 |       ||   110
       Plate armour      |       |       |   309 |   216 ||   525
Dodge: Dodged            |    52 |    43 |   169 |   115 ||   379
Block: Shield            |    72 |   125 |   802 |   577 ||  1576
       Reflection        |       |     1 |     7 |    20 ||    28
       Rpst.: Long sword |    12 |    12 |    57 |    25 ||   106
       Falchion          |       |       |       |     8 ||     8
